 Dungeon Crawl Stone Soup version 0.21.1-1-g345015f (webtiles) character file.

89 Krilegs the Skirmisher (level 4, 0/41 HPs)
             Began as a Hill Orc Monk on May 7, 2018.
             Succumbed to an adder's poison
             ... on level 2 of the Dungeon.
             The game lasted 00:05:37 (2062 turns).

Krilegs the Skirmisher (Hill Orc Monk)              Turns: 2062, Time: 00:05:38

Health: 0/41       AC:  9    Str: 14    XL:     4   Next: 55%
Magic:  4/4        EV:  7    Int: 10    God:
Gold:   59         SH:  0    Dex: 13    Spells: 3/3 levels left

rFire    . . .     SeeInvis .   h - -1 short sword (curse)
rCold    . . .     Gourm    .   (no shield)
rNeg     . . .     Faith    .   d - +0 chain mail
rPois    .         Spirit   .   (no helmet)
rElec    .         Reflect  .   (no cloak)
rCorr    .         Harm     .   (no gloves)
MR       .....                  (no boots)
Stlth    ..........             (no amulet)
HPRegen  0.13/turn              i - +1 ring of protection
MPRegen  0.09/turn              (no ring)

@: lethally poisoned (0 -> -11)
A: no striking features
a: no special abilities


You were on level 2 of the Dungeon.
You were hungry.

You visited 1 branch of the dungeon, and saw 2 of its levels.

You collected 59 gold pieces.

Inventory:

Hand Weapons
 a - a +0 mace
 f - a +2 short sword of venom
 h - a cursed -1 short sword (weapon)
Armour
 b - a +0 robe
 d - a +0 chain mail (worn)
Jewellery
 i - a +1 ring of protection (left hand)
Scrolls
 e - 4 scrolls of identify
 j - a scroll of fog
 l - a scroll of magic mapping {unknown}
Potions
 g - a potion of brilliance
Comestibles
 c - 4 rations


   Skills:
 + Level 4.4 Fighting
 + Level 1.0 Short Blades
 + Level 3.9 Maces & Flails
 * Level 1.0 Armour
 + Level 2.8 Dodging
 + Level 2.0 Stealth


You had 3 spell levels left.
You didn't know any spells.

Dungeon Overview and Level Annotations

Branches:
Dungeon (2/15)

Altars:
Uskayaw


Message History

You feel sick. The adder barely misses you.
You hit the adder.
The adder is severely wounded.
* * * LOW HITPOINT WARNING * * *
You feel sick. The adder bites you but does no damage.
You barely miss the adder.
The adder is severely wounded.
* * * LOW HITPOINT WARNING * * *
You feel sick.
The adder bites you but does no damage. x2
You completely miss the adder.
The adder is severely wounded.
* * * LOW HITPOINT WARNING * * *
You feel sick. The adder barely misses you.
Your chain mail prevents you from hitting the adder.
The adder is heavily wounded.
* * * LOW HITPOINT WARNING * * *
You feel sick. The adder bites you but does no damage.
You hit the adder.
The adder is almost dead.
You die...

####...##+#+#######
#.#.......... #...#
.#.####### #.#..........
#...# .........#
#.#.......... #...#
#.......# #.#..........
##### #.......#
#.########### ###?......#
#.# # ..........#
#.##########8
.........####.........##.
........@'..########..#_.
........S##.####......##.
........#........##...##8
....#...#.#.#.........#
... #...#.#......###..#
.. #.....#......+....#
#+###.#.#........######
#.........#......#
#####+#.####.....# ###+#


You could see an adder.

Vanquished Creatures
  3 adders (D:2)
  An ooze (D:1)
  2 worms (D:2)
  3 leopard geckos
  2 ball pythons
  2 giant cockroaches
  5 hobgoblins (D:1)
  2 jackals (D:1)
  5 bats
  6 frilled lizards
  6 goblins
  7 kobolds
  7 rats
51 creatures vanquished.

Notes
Turn   | Place    | Note
-------+----------+-------------------------------------------
     0 | D:1      | Krilegs the Hill Orc Monk began the quest for the Orb.
     0 | D:1      | Reached XP level 1. HP: 19/19 MP: 1/1
    31 | D:1      | Reached XP level 2. HP: 27/27 MP: 2/2
    98 | D:1      | Reached skill level 4 in Fighting
   254 | D:1      | Reached XP level 3. HP: 19/33 MP: 3/3
  1215 | D:2      | Reached XP level 4. HP: 6/41 MP: 4/4
  1933 | D:2      | Reached skill level 1 in Short Blades
  1933 | D:2      | Reached skill level 1 in Armour
  2018 | D:2      | Found a hide-covered altar of Uskayaw.
  2061 | D:2      | HP: 1/41 [poisoned by an adder]
  2062 | D:2      | Succumbed to an adder's poison

Skill      XL: |  1  2  3  4 |
---------------+-------------+-----
Fighting       | 4 |  4.4
Short Blades   | 1 |  1.0
Armour         | 1 |  1.0
Stealth        | 2 |  2.0
Maces & Flails | |  3.9
Dodging        | |  2.8

Action                   |  1- 3 |  4- 6 || total
-------------------------+-------+-------++-------
Melee: Mace              |    52 |       ||    52
       Short sword       |    73 |    75 ||   148
  Use: Scroll            |     2 |     2 ||     4
       Potion            |     1 |     1 ||     2
 Stab: Distracted        |     1 |       ||     1
       Sleeping          |     1 |       ||     1
  Eat: Ration            |       |     1 ||     1
Armor: Robe              |    21 |       ||    21
       Chain mail        |    23 |    50 ||    73
Dodge: Dodged            |    88 |    33 ||   121
